 Dungeon Crawl Stone Soup version 0.17-a0-870-gcb215c1 (webtiles) character file.

152 RobertPalmer the Insei (level 5, -1/25 HPs)
             Began as a Vine Stalker Transmuter on Apr 29, 2015.
             Slain by a gnoll
             ... wielding a +2 dagger of chaos
              (14 damage)
             ... on level 2 of the Dungeon.
             The game lasted 00:02:04 (1409 turns).

RobertPalmer the Insei (Vine Stalker Transmuter)    Turns: 1409, Time: 00:02:04

Health: -1/25      AC:  5    Str: 12    XL:     5   Next: 34%
Magic:  0/9        EV: 12    Int: 13    God:
Gold:   78         SH:  0    Dex: 16    Spells: 1 memorised, 7 levels left

rFire  . . .     SeeInvis .       - Unarmed
rCold  . . .     Clarity  .     b - +0 robe
rNeg   . . .     SustAb   .     (no shield)
rPois  .         Gourm    .     p - +2 hat
rElec  .         Spirit   +     (no cloak)
rCorr  .         Warding  .     (no gloves)
rMut   .         Stasis   .     (no boots)
MR     .....                    (no amulet)
Stlth  +.........               (no ring)
                                (no ring)

@: lethally poisoned (-1 -> -9), not resistant to hostile enchantments, very
unstealthy
A: fangs 2, regeneration 1, shaggy fur 1, magic shield, antimagic bite, no
device heal 3, rot immunity
a: no special abilities


You were on level 2 of the Dungeon.
You were hungry.

You visited 1 branch of the dungeon, and saw 2 of its levels.

You collected 78 gold pieces.

Inventory:

Missiles
 a - 41 arrows
Armour
 b - a +0 robe (worn)
 p - a +2 hat (worn)
   (You found it on level 2 of the Dungeon)
Jewellery
 e - an uncursed ring of protection from magic {unknown}
   (You found it on level 1 of the Dungeon)
Scrolls
 i - 2 scrolls of identify {unknown}
 j - a scroll of immolation {unknown}
 k - a scroll of enchant armour {unknown}
 l - 3 scrolls of remove curse {unknown}
 n - a scroll of amnesia {unknown}
 q - a scroll of blinking {unknown}
 r - a scroll of teleportation {unknown}
Potions
 g - a potion of agility {unknown}
 m - 2 potions of curing {unknown}
 o - a potion of might {unknown}
 s - a potion of cancellation {unknown}
 t - 2 potions of cure mutation {unknown}
Books
 c - a book of Changes
Comestibles
 d - 2 bread rations {@e1}
 f - 3 beef jerkies
 h - a meat ration {@e2}


   Skills:
 - Level 0.8 Fighting
 - Level 1.5 Dodging
 + Level 5.9 Unarmed Combat
 - Level 2.1 Spellcasting
 - Level 2.0 Transmutations


You had 7 spell levels left.
You knew the following spells:

 Your Spells              Type           Power        Failure   Level  Hunger
a - Beastly Appendage     Trmt           #.....       12%         1    ##.....


Dungeon Overview and Level Annotations

Branches:
Dungeon (2/15)

Altars:


Innate Abilities, Weirdness & Mutations

You have extremely sharp teeth.
Your natural rate of healing is unusually fast.
You are covered in fur (AC +1).
When hurt, damage is shared between your health and your magic reserves.
Your bite disrupts and absorbs the magic of your enemies.
Potions and wands cannot restore your health.
You are immune to rotting.


Message History

You take 1 damage, and have 12/21 hp.
You hit Terence. Your bite misses Terence.
Unknown command.
You hit Terence but do no damage. You bite Terence, but do no damage.
Terence misses you.
You hit Terence.
You kill Terence!
You have reached level 5!
You regained 3 hp, and now have 15/25 hp.
You hit the hobgoblin but do no damage. You bite the hobgoblin.
You drain its power.
You feel invigorated.
The hobgoblin hits you but does no damage.
You are too injured to fight recklessly!
You closely miss the hobgoblin.
You bite the hobgoblin, but do no damage.
The hobgoblin closely misses you.
You are too injured to fight recklessly!
You hit the hobgoblin.
You kill the hobgoblin!
s - an orange potion
Things that are here:
a mace; a scale mail; the human corpse of Terence You butcher the human corpse of Terence.
t - a chunk of flesh {@w0}
Things that are here:
a mace; a scale mail Eating a chunk of flesh {@w0}.
You continue eating. x2
Unknown command.
You see here a dagger.
You see here a hand axe.
A hobgoblin comes into view. It is wielding a club.
Health restored: 25; MP restored: 9 A hobgoblin is nearby!
A hobgoblin is nearby!
A hobgoblin is nearby!
A goblin comes into view. It is wielding a club.
The hobgoblin shouts!
The goblin shouts!
The hobgoblin misses you.
You hit the hobgoblin.
You kill the hobgoblin!
A goblin comes into view.
The goblin barely misses you.
The goblin shouts!
You hit the goblin.
You kill the goblin!
You see here a club.
Found 2 bubbling dark potions.
Found a stone staircase leading down.
The goblin hits you but does no damage.
You closely miss the goblin. Your bite misses the goblin. The goblin hits you.
You take 3 damage, and have 22/25 hp.
You punch the goblin!
You kill the goblin!
No target in view!
No target in view!
No target in view!
t - 2 bubbling dark potions You are feeling hungry.
Health restored: 25 You see here 21 stones.
Things that are here:
a club; a hobgoblin corpse You see here a goblin corpse.
A rat comes into view.
You barely miss the rat. You punch the rat. You bite the rat.
You drain its power.
You kill the rat!
No target in view!
You see here a rat corpse.
A gnoll comes into view. It is wielding a spear of chaos.
The gnoll shouts!
A gnoll is nearby!
A gnoll is nearby!
A gnoll is nearby! 3 gnolls come into view.
The gnoll shouts! x2 2 gnolls come into view.
The gnoll shouts! x3
You hit the gnoll. You bite the gnoll. You drain its power.
You punch the gnoll!
You kill the gnoll!
You see here a dagger of chaos.
Unknown command.
You hit the gnoll. You bite the gnoll. You drain its power.
The gnoll hits you with a spear of chaos.
You take 5 damage, and have 20/25 hp.
You now have 8/9 mp.
You punch the gnoll!
You kill the gnoll!
You hear a splash.
You closely miss the gnoll. Your bite misses the gnoll. You hit the gnoll.
Your bite misses the gnoll.
The gnoll hits you with a dagger of chaos!
You are poisoned.
You take 6 damage, and have 14/25 hp.
MASSIVE DAMAGE!!
You now have 6/9 mp.
You hit the gnoll.
You feel sick. The gnoll hits you but does no damage.
You are electrocuted!
Ouch! That really hurt!
You die...

..#....## .......# ≈ .
##. ...)...# ⌠# ≈#
≈..# .......# ###. ...
# .......# .≈# .#. #.⌠
.#. .......# ..#≈##gg
≈#.#
.......###≈##≈#.#g#..^
.........##≈....g#≈#
##..).##..######@#
##.....##........#
.........#########
..##.#.#.....##
#......#......#
##..#..#......#
##..#..##....##
#....<.##.####
#.###......#


You could see 4 gnolls.

Vanquished Creatures
  Ijyb (D:2)
  Jessica (D:2)
  Terence (D:2)
  2 gnolls (D:2)
  An adder (D:2)
  4 bats (D:1)
  4 giant cockroaches
  7 goblins
  7 hobgoblins
  2 jackals (D:1)
  2 giant geckos (D:1)
  A giant newt (D:1)
  12 kobolds
  A rat (D:2)
46 creatures vanquished.

Vanquished Creatures (others)
  A plant (D:1)
1 creature vanquished.

Grand Total: 47 creatures vanquished

Notes
Turn   | Place    | Note
--------------------------------------------------------------
     0 | D:1      | RobertPalmer, the Vine Stalker Transmuter, began the quest for the Orb.
     0 | D:1      | Reached XP level 1. HP: 9/9 MP: 4/4
   126 | D:1      | Reached XP level 2. HP: 10/14 MP: 4/6
   331 | D:1      | Reached skill level 4 in Unarmed Combat
   504 | D:1      | Reached XP level 3. HP: 15/17 MP: 5/7
   939 | D:2      | Noticed Ijyb
   962 | D:2      | Killed Ijyb
   962 | D:2      | Reached XP level 4. HP: 13/21 MP: 8/8
  1036 | D:2      | Reached skill level 5 in Unarmed Combat
  1214 | D:2      | Noticed Jessica
  1216 | D:2      | Killed Jessica
  1232 | D:2      | Noticed Terence
  1256 | D:2      | Killed Terence
  1256 | D:2      | Reached XP level 5. HP: 14/25 MP: 4/9
  1409 | D:2      | Slain by a gnoll

Action                   |  1- 3 |  4- 6 || total
-------------------------+-------+-------++-------
Melee: Unarmed           |    97 |    58 ||   155
  Eat: Chunk             |       |     1 ||     1

Vault maps used:
D:1:      saegor_arrival_under_anarchy, solitary_fountain, minivault_23,
          lexackson_kobold_supper
D:2:      tgw_xom, uniq_iyjb, uniq_terence, uniq_jessica

Table legend:
 A = Turns spent in this place as a percentage of turns spent in the entire game.
 B = Non-inter-level travel turns spent in this place as a percentage of non-inter-level travel turns spent in the entire game.
 C = Inter-level travel turns spent in this place as a percentage of turns spent in this place.
 D = Turns resting spent in this place as a percentage of non-inter-level travel turns spent in this place.
 E = Turns spent auto-exploring this place as a percentage of non-inter-level travel turns spent in this place.
 F = Non-inter-level travel turns spent in this place divided by the number of levels of this place that you've seen.
                   A       B       C       D       E      F
               +-------+-------+-------+-------+-------+----------------------
         Total | 100.0 | 100.0 |   0.2 |   0.4 |  11.6 | 262.0
       Dungeon | 100.0 | 100.0 |   0.2 |   0.4 |  11.6 | 262.0
               +-------+-------+-------+-------+-------+----------------------

Table legend:
 A = Kills in this place as a percentage of kills in entire the game.
 B = Kills by you in this place as a percentage of kills by you in the entire game.
 C = Kills by friends in this place as a percentage of kills by friends in the entire game.
 D = Other kills in this place as a percentage of other kills in the entire game.
 E = Experience gained in this place as a percentage of experience gained in the entire game.
 F = Experience gained in this place divided by the number of levels of this place that you have seen.
                   A       B       C       D       E      F
               +-------+-------+-------+-------+-------+----------------------
         Total | 100.0 | 100.0 |  -nan |  -nan | 100.0 | 109.0
       Dungeon | 100.0 | 100.0 |  -nan |  -nan | 100.0 | 109.0
               +-------+-------+-------+-------+-------+----------------------
